MLB
CLEVELAND GUARDIANS @ CHICAGO WHITE SOX
09/01/2049
 
TOP OF THE 1ST
Cleveland Guardians batting - Pitching for Chicago White Sox : RHP Xenophon Valvis
Pitching: RHP Xenophon Valvis
Batting: LHB Hector Pedroso 0-0: Ground out 4-3 (Groundball, 4, EV 89.4 MPH)
Batting: RHB Jasper Burd 0-0: Ball
1-0: Ball
2-0: Foul Ball, location: 2F
2-1: SOLO HOME RUN (Flyball, 9LD, EV 95.0 MPH), Distance : 359 ft
Batting: RHB Nick Ogle 0-0: Ground out 6-3 (Groundball, 4M, EV 86.9 MPH)
Batting: LHB Danny Dunham 0-0: Ball
1-0: Called Strike
1-1: Foul Ball, location: 2F
1-2: Strikes out swinging
Top of the 1st over - 1 run, 1 hit, 0 errors, 0 left on base; Cleveland 1 - Chicago 0
BOTTOM OF THE 1ST
Chicago White Sox batting - Pitching for Cleveland Guardians : LHP Katsumi Omura
Pitching: LHP Katsumi Omura
Batting: SHB Alfie Bungledorf 0-0: Ball
1-0: Ball
2-0: Called Strike
2-1: Fly out, F7 (Flyball, 78D, EV 78.1 MPH)
Batting: RHB Dieter Knoops 0-0: Ball
1-0: Ball
2-0: Called Strike
2-1: Foul Ball, location: 2F
2-2: SOLO HOME RUN (Flyball, 9LD, EV 94.4 MPH), Distance : 346 ft
Batting: RHB Joseph Disepolo 0-0: Called Strike
0-1: Fly out, F7 (Flyball, 7S, EV 81.2 MPH)
Batting: LHB Randy Rosenberry 0-0: Ball
1-0: Called Strike
1-1: Ball
2-1: Ball
3-1: Base on Balls
Batting: RHB Leo Navarro 0-0: 2-RUN HOME RUN (Flyball, 7D, EV 93.8 MPH), Distance : 373 ft
Batting: RHB Steve Castleberry 0-0: Ball
1-0: Ball
2-0: SINGLE (Line Drive, 89S, EV 101.2 MPH)
Batting: RHB Dietmar Warmisch 0-0: Ball
1-0: Swinging Strike
1-1: SINGLE (Line Drive, 89S, EV 100.0 MPH)
Steve Castleberry to second
Batting: RHB Brad Boals 0-0: Swinging Strike
0-1: DOUBLE (Flyball, 89D, EV 111.2 MPH)
Steve Castleberry scores
Dietmar Warmisch to third
Runner from 3rd tries for Home, SAFE, throw by RF to home
Batting: RHB Rich Stinson 0-0: Foul Ball, location: 2F
0-1: Fly out, F8 (Flyball, 8RD, EV 85.6 MPH)
Bottom of the 1st over - 5 runs, 5 hits, 0 errors, 1 left on base; Cleveland 1 - Chicago 5
TOP OF THE 2ND
Cleveland Guardians batting - Pitching for Chicago White Sox : RHP Xenophon Valvis
Batting: RHB Nick Sharp 0-0: Ball
1-0: Called Strike
1-1: Ground out 5-3 (Groundball, 56S, EV 87.5 MPH)
Batting: LHB Alejandro Soriano 0-0: Ball
1-0: Ball
2-0: Called Strike
2-1: Ball
3-1: SINGLE (Line Drive, 3D, EV 98.8 MPH)
Batting: RHB Christian Blue 0-0: Ball
1-0: Called Strike
Alejandro Soriano is caught stealing 2nd base 2-4
1-1: Ground out U3 (Groundball, 34, EV 106.2 MPH)
Top of the 2nd over - 0 runs, 1 hit, 0 errors, 0 left on base; Cleveland 1 - Chicago 5
BOTTOM OF THE 2ND
Chicago White Sox batting - Pitching for Cleveland Guardians : LHP Katsumi Omura
Batting: SHB Alfie Bungledorf 0-0: Foul Ball, location: 2F
0-1: Ball
1-1: Swinging Strike
1-2: Foul Ball, location: 2F
1-2: Strikes out looking
Batting: RHB Dieter Knoops 0-0: Called Strike
0-1: Swinging Strike
0-2: Foul Ball, location: 2F
0-2: SOLO HOME RUN (Flyball, 89XD, EV 97.5 MPH), Distance : 400 ft
Batting: RHB Joseph Disepolo 0-0: Foul Ball, location: 2F
0-1: Ball
1-1: Ball
2-1: Foul Ball, location: 2F
2-2: Ball
3-2: Foul Ball, location: 2F
3-2: SINGLE (Flyball, 4D, EV 97.5 MPH)
Pitching: RHP Ryan Southerland
Batting: LHB Randy Rosenberry 0-0: Ball
Wild Pitch!
Joseph Disepolo to second
1-0: Called Strike
1-1: Foul Ball, location: 2F
1-2: Ball
2-2: Ball
3-2: Base on Balls
Batting: RHB Leo Navarro 0-0: Called Strike
0-1: Foul Ball, location: 2F
0-2: Strikes out looking
Batting: RHB Steve Castleberry 0-0: Called Strike
0-1: Ball
1-1: Foul Ball, location: 2F
1-2: Ball
2-2: Foul Ball, location: 2F
2-2: SINGLE (Groundball, 4MD, EV 103.8 MPH)
Joseph Disepolo to third
Randy Rosenberry to second
Runner from 3rd tries for Home, SAFE, throw by CF to home
Batting: RHB Dietmar Warmisch 0-0: DOUBLE (Line Drive, 89M, EV 94.4 MPH)
Randy Rosenberry scores
Steve Castleberry to third
Batting: RHB Brad Boals 0-0: Swinging Strike
0-1: Ground out 6-3 (Groundball, 56, EV 89.4 MPH)
Bottom of the 2nd over - 3 runs, 4 hits, 0 errors, 2 left on base; Cleveland 1 - Chicago 8
TOP OF THE 3RD
Cleveland Guardians batting - Pitching for Chicago White Sox : RHP Xenophon Valvis
Batting: LHB John Harring 0-0: Foul Ball, location: 2F
0-1: Swinging Strike
0-2: Ball
1-2: Foul Ball, location: 2F
1-2: Foul Ball, location: 2F
1-2: Ball
2-2: Ball
3-2: Strikes out swinging
Batting: RHB Aaron Matthews 0-0: Ball
1-0: Ball
2-0: Ball
3-0: Called Strike
3-1: Called Strike
3-2: SINGLE (Line Drive, 4MD, EV 98.8 MPH)
Batting: LHB Hector Pedroso 0-0: Ball
Aaron Matthews is caught stealing 2nd base 2-6
1-0: Swinging Strike
1-1: Ball
2-1: Ball
3-1: Foul Ball, location: 2F
3-2: Strikes out looking
Top of the 3rd over - 0 runs, 1 hit, 0 errors, 0 left on base; Cleveland 1 - Chicago 8
BOTTOM OF THE 3RD
Chicago White Sox batting - Pitching for Cleveland Guardians : RHP Ryan Southerland
Batting: RHB Rich Stinson 0-0: Ball
1-0: Called Strike
1-1: Called Strike
1-2: SINGLE (Groundball, 6S, EV 62.5 MPH) (infield hit)
Batting: SHB Alfie Bungledorf 0-0: Grounds into double play, 4-6-3 (Groundball, 4, EV 79.4 MPH)
Batting: RHB Dieter Knoops 0-0: Called Strike
0-1: Ball
1-1: Swinging Strike
1-2: Ball
2-2: Ground out 6-3 (Groundball, 6, EV 103.8 MPH)
Bottom of the 3rd over - 0 runs, 1 hit, 0 errors, 0 left on base; Cleveland 1 - Chicago 8
TOP OF THE 4TH
Cleveland Guardians batting - Pitching for Chicago White Sox : RHP Xenophon Valvis
Batting: RHB Jasper Burd 0-0: Ball
1-0: Ball
2-0: Ball
3-0: Foul Ball, location: 2F
3-1: Foul Ball, location: 2F
3-2: Foul Ball, location: 2F
3-2: DOUBLE (Line Drive, 9LS, EV 103.8 MPH)
Batting: RHB Nick Ogle 0-0: Swinging Strike
0-1: Called Strike
0-2: Fly out, F8 (Flyball, 8LD, EV 101.2 MPH)
Batting: LHB Danny Dunham 0-0: Foul Ball, location: 2F
0-1: Foul Ball, location: 2F
0-2: Strikes out swinging
Batting: RHB Nick Sharp 0-0: Swinging Strike
0-1: Ball
1-1: Ball
2-1: Foul Ball, location: 2F
2-2: Fly out, F8 (Flyball, 8RD, EV 86.2 MPH)
Top of the 4th over - 0 runs, 1 hit, 0 errors, 1 left on base; Cleveland 1 - Chicago 8
BOTTOM OF THE 4TH
Chicago White Sox batting - Pitching for Cleveland Guardians : RHP Ryan Southerland
Batting: RHB Joseph Disepolo 0-0: Ball
1-0: Foul Ball, location: 2F
1-1: Ball
2-1: Ball
3-1: Base on Balls
Batting: LHB Randy Rosenberry 0-0: Ball
1-0: Called Strike
1-1: Ball
2-1: Foul Ball, location: 2F
2-2: Ball
3-2: Foul Ball, location: 2F
3-2: Foul Ball, location: 2F
3-2: Grounds into double play, 1-6-3 (Groundball, 13, EV 75.6 MPH)
Batting: RHB Leo Navarro 0-0: Ball
1-0: Ball
2-0: SINGLE (Groundball, 34D, EV 101.9 MPH)
Batting: RHB Steve Castleberry 0-0: Ball
1-0: Foul Ball, location: 2F
1-1: Ground out 4-3 (Groundball, 4, EV 106.9 MPH)
Bottom of the 4th over - 0 runs, 1 hit, 0 errors, 1 left on base; Cleveland 1 - Chicago 8
TOP OF THE 5TH
Cleveland Guardians batting - Pitching for Chicago White Sox : RHP Xenophon Valvis
Batting: LHB Alejandro Soriano 0-0: Ball
1-0: DOUBLE (Line Drive, 78M, EV 93.8 MPH)
Batting: RHB Christian Blue 0-0: Ball
1-0: Foul Ball, location: 2F
1-1: Called Strike
1-2: Ball
2-2: Fly out, F7 (Flyball, 7D, EV 93.8 MPH)
Batting: LHB John Harring 0-0: Foul Ball, location: 2F
0-1: Foul Ball, location: 2F
0-2: Ball
1-2: Hit by Pitch
Batting: RHB Aaron Matthews 0-0: Ball
1-0: Foul Ball, location: 2F
1-1: Swinging Strike
1-2: Foul Ball, location: 2F
1-2: Ball
2-2: Ball
3-2: Foul Ball, location: 2F
3-2: Base on Balls
Alejandro Soriano to third
John Harring to second
Batting: LHB Hector Pedroso 0-0: Fielders Choice at 2nd, 3-6 (Groundball, 34, EV 81.2 MPH)
Alejandro Soriano scores
John Harring to third
Batting: RHB Jasper Burd 0-0: Ball
1-0: Called Strike
1-1: Swinging Strike
1-2: DOUBLE (Line Drive, 8RXD, EV 108.8 MPH)
John Harring scores
Hector Pedroso to third
Runner from 3rd tries for Home, SAFE, throw by CF to home
Batting: RHB Nick Ogle 0-0: Foul Ball, location: 2F
0-1: Called Strike
0-2: DOUBLE (Line Drive, 89XD, EV 96.9 MPH)
Jasper Burd scores
Pitching: RHP Allen Speidel
Batting: LHB Danny Dunham 0-0: Swinging Strike
0-1: 2-RUN HOME RUN (Flyball, 89XD, EV 100.0 MPH), Distance : 392 ft
Batting: RHB Nick Sharp 0-0: Called Strike
0-1: Ground out 4-3 (Groundball, 34D, EV 96.9 MPH)
Top of the 5th over - 6 runs, 4 hits, 0 errors, 0 left on base; Cleveland 7 - Chicago 8
BOTTOM OF THE 5TH
Chicago White Sox batting - Pitching for Cleveland Guardians : RHP Ryan Southerland
Batting: RHB Dietmar Warmisch 0-0: Called Strike
0-1: Ball
1-1: Ground out 6-3 (Groundball, 6, EV 98.1 MPH)
Batting: RHB Brad Boals 0-0: Ball
1-0: Ball
2-0: Called Strike
2-1: Ground out 6-3 (Groundball, 6, EV 90.0 MPH)
Batting: RHB Rich Stinson 0-0: Called Strike
0-1: Called Strike
0-2: Strikes out swinging
Bottom of the 5th over - 0 runs, 0 hits, 0 errors, 0 left on base; Cleveland 7 - Chicago 8
TOP OF THE 6TH
Cleveland Guardians batting - Pitching for Chicago White Sox : RHP Allen Speidel
Batting: LHB Alejandro Soriano 0-0: Ball
1-0: Swinging Strike
1-1: Called Strike
1-2: Strikes out swinging
Batting: RHB Christian Blue 0-0: Hit by Pitch
Batting: LHB John Harring 0-0: Called Strike
Christian Blue steals 2nd base
0-1: Ball
1-1: Ball
2-1: Ball
3-1: Base on Balls
Pinch Hitting: LHB Corey Trevor 0-0: Ball
1-0: Ball
2-0: Foul Ball, location: 2F
2-1: Ball
3-1: Foul Ball, location: 2F
3-2: Strikes out swinging
Batting: LHB Hector Pedroso 0-0: Called Strike
0-1: Ball
1-1: Ball
2-1: SINGLE (Groundball, 34S, EV 95.0 MPH)
Christian Blue to third
John Harring to second
Batting: RHB Jasper Burd 0-0: Ball
1-0: Ground out 6-3 (Groundball, 4MS, EV 82.5 MPH)
Top of the 6th over - 0 runs, 1 hit, 0 errors, 3 left on base; Cleveland 7 - Chicago 8
BOTTOM OF THE 6TH
Chicago White Sox batting - Pitching for Cleveland Guardians : RHP Ryan Southerland
Pitching: RHP Mike Chisolm
Now at SS: Rick O'Reilly
Batting: SHB Alfie Bungledorf 0-0: Ball
1-0: Ball
2-0: Called Strike
2-1: Ball
3-1: Foul Ball, location: 2F
3-2: Base on Balls
Batting: RHB Dieter Knoops 0-0: Fly out, F6 (Popup, 4M, EV 51.9 MPH)
Batting: RHB Joseph Disepolo 0-0: Ball
1-0: Foul Ball, location: 2F
1-1: SINGLE (Line Drive, 78S, EV 108.1 MPH)
Alfie Bungledorf to second
Runner from 2nd tries for 3rd, SAFE, throw by LF made to third
Batting: LHB Randy Rosenberry 0-0: 3-RUN HOME RUN (Flyball, 7D, EV 95.6 MPH), Distance : 363 ft
Pitching: RHP Bruce Poff
Batting: RHB Leo Navarro 0-0: Ball
1-0: Ball
2-0: Called Strike
2-1: Swinging Strike
2-2: Ball
3-2: Fly out, F4 (Popup, 4MD, EV 55.0 MPH)
Batting: RHB Steve Castleberry 0-0: Foul Ball, location: 2F
0-1: Foul Ball, location: 2F
0-2: Ground out 4-3 (Groundball, 34, EV 104.4 MPH)
Bottom of the 6th over - 3 runs, 2 hits, 0 errors, 0 left on base; Cleveland 7 - Chicago 11
TOP OF THE 7TH
Cleveland Guardians batting - Pitching for Chicago White Sox : RHP Allen Speidel
Pitching: RHP Ryan Columbo
Batting: RHB Nick Ogle 0-0: Ball
1-0: Ball
2-0: Called Strike
2-1: Swinging Strike
2-2: Strikes out swinging
Batting: LHB Danny Dunham 0-0: Ball
1-0: Called Strike
1-1: Swinging Strike
1-2: Ball
2-2: Ball
3-2: Strikes out swinging
Batting: RHB Nick Sharp 0-0: Called Strike
0-1: Swinging Strike
0-2: Ball
1-2: Ball
2-2: Strikes out swinging passed ball, reaches first!
Batting: LHB Alejandro Soriano 0-0: Ball
1-0: Ground out 4-3 (Groundball, 4, EV 79.4 MPH)
Top of the 7th over - 0 runs, 0 hits, 0 errors, 1 left on base; Cleveland 7 - Chicago 11
BOTTOM OF THE 7TH
Chicago White Sox batting - Pitching for Cleveland Guardians : RHP Bruce Poff
Batting: RHB Dietmar Warmisch 0-0: Called Strike
0-1: Foul Ball, location: 2F
0-2: Strikes out swinging
Batting: RHB Brad Boals 0-0: Ball
1-0: Foul Ball, location: 2F
1-1: SINGLE (Groundball, 6MD, EV 103.1 MPH)
Batting: RHB Rich Stinson 0-0: Ball
1-0: Ball
2-0: Ball
3-0: Called Strike
3-1: Base on Balls
Brad Boals to second
Batting: SHB Alfie Bungledorf 0-0: Ball
1-0: Called Strike
1-1: Fielders Choice at 2nd, 3-6 (Groundball, 34S, EV 86.2 MPH)
Brad Boals to third
Batting: RHB Dieter Knoops 0-0: Ball
Alfie Bungledorf steals 2nd base
1-0: Ball
2-0: Ball
3-0: Called Strike
3-1: Called Strike
3-2: Base on Balls
Batting: RHB Joseph Disepolo 0-0: Foul Ball, location: 2F
0-1: Ball
Wild Pitch!
Brad Boals scores
Alfie Bungledorf to third
Dieter Knoops to second
1-1: Called Strike
1-2: Foul Ball, location: 2F
1-2: Ball
2-2: Ground out 5-3 (Groundball, 56S, EV 69.4 MPH)
Bottom of the 7th over - 1 run, 1 hit, 0 errors, 2 left on base; Cleveland 7 - Chicago 12
TOP OF THE 8TH
Cleveland Guardians batting - Pitching for Chicago White Sox : RHP Ryan Columbo
Batting: RHB Christian Blue 0-0: Foul Ball, location: 2F
0-1: Foul Ball, location: 2F
0-2: Strikes out swinging
Batting: LHB John Harring 0-0: Foul Ball, location: 2F
0-1: Foul Ball, location: 2F
0-2: Ball
1-2: Strikes out swinging
Pitching: RHP Mike Willig
Batting: RHB Rick O'Reilly 0-0: Ball
1-0: Called Strike
1-1: Foul Ball, location: 2F
1-2: Strikes out swinging
Top of the 8th over - 0 runs, 0 hits, 0 errors, 0 left on base; Cleveland 7 - Chicago 12
BOTTOM OF THE 8TH
Chicago White Sox batting - Pitching for Cleveland Guardians : RHP Bruce Poff
Batting: LHB Randy Rosenberry 0-0: Foul Ball, location: 2F
0-1: Ball
1-1: Foul Ball, location: 2F
1-2: Ground out U3 (Groundball, 3, EV 91.9 MPH)
Batting: RHB Leo Navarro 0-0: Ball
1-0: Foul Ball, location: 2F
1-1: Called Strike
1-2: Ball
2-2: Ball
3-2: Strikes out swinging
Pitching: LHP Victor Garcia
Batting: RHB Steve Castleberry 0-0: Foul Ball, location: 2F
0-1: Ball
1-1: Called Strike
1-2: Ground out 4-3 (Groundball, 4M, EV 98.1 MPH)
Bottom of the 8th over - 0 runs, 0 hits, 0 errors, 0 left on base; Cleveland 7 - Chicago 12
TOP OF THE 9TH
Cleveland Guardians batting - Pitching for Chicago White Sox : RHP Mike Willig
Batting: LHB Hector Pedroso 0-0: Ball
1-0: Called Strike
1-1: Foul Ball, location: 2F
1-2: Ball
2-2: Foul Ball, location: 2F
2-2: Fly out, F8 (Flyball, 8LXD, EV 99.4 MPH)
Batting: RHB Jasper Burd 0-0: Ball
1-0: DOUBLE (Line Drive, 5D, EV 104.4 MPH)
Batting: RHB Nick Ogle 0-0: Called Strike
0-1: Ball
1-1: Ground out 5-3 (Groundball, 56, EV 90.6 MPH)
Batting: LHB Danny Dunham 0-0: Called Strike
0-1: Fly out, F5 (Flyball, 56D, EV 89.4 MPH)
Top of the 9th over - 0 runs, 1 hit, 0 errors, 1 left on base; Cleveland 7 - Chicago 12
Sunday, July 16th , 2023 - OOTP Baseball 24.6 Build 69